 Dungeon Crawl Stone Soup version 0.31-a0-339-gda1cbd555d (webtiles) character file.

Game seed: 1077537547428283296

12230 gruber the Mimic (level 11, -4/102 HPs)
             Began as a Troll Shapeshifter on July 20, 2023.
             Was a Believer of Uskayaw.
             Constricted to death by Jorgrun (8 damage)
             ... on level 12 of the Dungeon.
             The game lasted 00:10:16 (8979 turns).

gruber the Mimic (Troll Shapeshifter)               Turns: 8979, Time: 00:10:17

Health: -4/102     AC:  8    Str: 29    XL:     11   Next: 59%
Magic:  15/15      EV: 12    Int:  4    God:    Uskayaw [**....]
Gold:   702        SH:  0    Dex: 10    Spells: 5/10 levels left

rFire   . .          .
                       - Unarmed
rCold   + . .        (no shield)
rNeg    . . .        J - +0 acid dragon scales
rPois   .            (helmet currently unavailable)
rElec   .            (cloak currently unavailable)
rCorr   +            (gloves unavailable)
SInv    .            (boots unavailable)
Will    .....        (no amulet)
Stlth   +            o - ring of protection from cold
HPRegen 1.17/turn    t - +5 ring of evasion
MPRegen 0.14/turn

%: no passive effects
@: beast-form, grasped by roots, constricted
A: beast (slay +7), large, unfitting armour, claws 3, regeneration 1, shaggy fur
1, tough skin 1
a: Begin Untransformation, Renounce Religion, Stomp, Line Pass


You were on level 12 of the Dungeon.
You worshipped Uskayaw.
Uskayaw was noncommittal.
You were a hulking beast.
You visited 2 branches of the dungeon, and saw 13 of its levels.

You collected 702 gold pieces.

Inventory:

Missiles
 a - 2 curare-tipped darts
 k - 2 throwing nets
 w - 25 poisoned darts (quivered)
Armour
 J - +0 acid dragon scales (worn)
Jewellery
 o - a ring of protection from cold (left claw)
 t - a +5 ring of evasion (right claw)
 A - a ring of ice
 M - a ring of ice
 Q - a ring of protection from fire
 R - a ring of protection from cold
Talismans
 c - a beast talisman
 C - a maw talisman
Wands
 n - a wand of paralysis (18)
 I - a wand of roots (7)
 N - a wand of flame (11)
 S - a wand of polymorph (3)
Scrolls
 d - 2 scrolls of acquirement {unknown}
 e - 2 scrolls of vulnerability {unknown}
 h - 3 scrolls of immolation {unknown}
 i - 4 scrolls of fear {unknown}
 j - 3 scrolls of teleportation {unknown}
 m - a scroll of fog {unknown}
 p - 4 scrolls of identify {unknown}
 q - 2 scrolls of poison {unknown}
 s - 2 scrolls of blinking {unknown}
 u - a scroll of enchant weapon {unknown}
 v - 2 scrolls of amnesia {unknown}
 y - 3 scrolls of noise {unknown}
 D - 3 scrolls of summoning {unknown}
 E - a scroll of enchant armour {unknown}
 K - 2 scrolls of torment {unknown}
 L - a scroll of brand weapon {unknown}
 P - a scroll of revelation {unknown}
Potions
 b - 2 potions of lignification
 f - 3 potions of degeneration {unknown}
 g - 4 potions of curing
 l - a potion of resistance {unknown}
 r - 3 potions of mutation {unknown}
 x - a potion of cancellation {unknown}
 z - 3 potions of heal wounds {unknown}
 B - a potion of haste {unknown}
 F - a potion of brilliance {unknown}
 G - a potion of magic {unknown}
 H - 2 potions of enlightenment {unknown}
 O - a potion of berserk rage {unknown}


   Skills:
 - Level 5.0 Fighting
 - Level 5.0 Dodging
 - Level 10.0 Unarmed Combat
 - Level 7.3 Invocations
 * Level 10.1 Shapeshifting


You had 5 spell levels left.
You knew the following spells:

 Your Spells              Type           Power      Damage    Failure   Level
a - Borgnjor's Vile Clut  Necr/Erth      0%         N/A       100%        5

Your spell library contained the following spells:

 Spells                   Type           Power      Damage    Failure   Level
 Apportation              Tloc           0%         N/A       56%         1
 Foxfire                  Conj/Fire      0%         2x1d4     56%         1
 Magic Dart               Conj           0%         1d3       56%         1
 Necrotise                Necr           0%         1d4       56%         1
 Sandblast                Erth           0%         2d4       56%         1
 Blink                    Tloc           0%         N/A       71%         2
 Call Imp                 Summ           0%         N/A       71%         2
 Passwall                 Tmut/Erth      0%         N/A       71%         2
 Dazzling Flash           Conj/Hex       0%         N/A       90%         3
 Mephitic Cloud           Conj/Pois/Air  0%         N/A       90%         3
 Stone Arrow              Conj/Erth      0%         3d7       90%         3
 Vampiric Draining        Necr           0%         2d6       90%         3
 Volatile Blastmotes      Fire/Tloc      0%         2d10      90%         3
 Animate Armour           Summ/Erth      0%         N/A       100%        4
 Animate Dead             Necr           0%         N/A       100%        4
 Manifold Assault         Tloc           0%         N/A       100%        4
 Agony                    Necr           0%         N/A       100%        5
 Alistair's Intoxication  Tmut/Pois      0%         N/A       100%        5
 Death Channel            Necr           0%         N/A       100%        6
 Plasma Beam              Fire/Air       0%         2x1d10    100%        6
 Starburst                Conj/Fire      0%         6d3       100%        6
 Lehudib's Crystal Spear  Conj/Erth      0%         10d2      100%        8
 Maxwell's Capacitive Co  Air            0%         ∞         100%        8


Dungeon Overview and Level Annotations

Branches:
Dungeon (12/15)            Temple (1/1) D:7            Lair (0/5) D:10
    Orc (0/2) D:12

Altars:
Ashenzari
Cheibriados
Dithmenos
Elyvilon
Fedhas
Gozag
Hepliaklqana
Kikubaaqudgha
Makhleb
Nemelex Xobeh
Okawaru
Qazlal
Ru
Sif Muna
Trog
Uskayaw
Vehumet
Wu Jian
Xom
Yredelemnul
Zin
The Shining One

Annotations:
D:8 1 runed translucent door, initializr's ghost, novice DrWr
D:11 Psyche
D:12 Jorgrun


Innate Abilities, Weirdness & Mutations

You are a hulking beast.
Your limbs bulge with bestial killing power. (Slay +7)
You are too large for most types of armour.
You have claws for hands.
Your natural rate of healing is unusually fast.
You are covered in fur. (AC +1)
You have tough skin. (AC +1)


Message History

You mangle Jorgrun!!
Jorgrun is lightly wounded.
Jorgrun barely misses you.
You miss Jorgrun.
Jorgrun is lightly wounded.
Jorgrun hits you with a +0 heavy quarterstaff!
You barely miss Jorgrun.
Jorgrun is lightly wounded.
You claw Jorgrun!
Jorgrun is lightly wounded.
Jorgrun points at you and mumbles some strange words.
Roots burst forth from the earth!
The grasping roots grab you! The grasping roots constrict you.
You closely miss Jorgrun.
Jorgrun is lightly wounded.
Jorgrun hits you with a +0 heavy quarterstaff!
The grasping roots constrict you!
You mangle Jorgrun!!
Jorgrun is moderately wounded.
You can now pass through a line of other dancers.
You closely miss Jorgrun.
Jorgrun is moderately wounded.
Jorgrun barely misses you. The grasping roots constrict you!
* * * LOW HITPOINT WARNING * * *
You claw Jorgrun!
Jorgrun is heavily wounded.
You mangle Jorgrun!!
Jorgrun is heavily wounded.
Jorgrun closely misses you. The grasping roots constrict you!
* * * LOW HITPOINT WARNING * * *
You miss Jorgrun.
Jorgrun is heavily wounded.
You claw Jorgrun! Your claw misses Jorgrun.
Jorgrun is severely wounded.
Jorgrun gestures at you while chanting. The entropic shot hits you!
* * * LOW HITPOINT WARNING * * *
The grasping roots constrict you!
You die...

#.#..#.#
#.#..#.# ##
#....#.###.
#.......#.
####...#. #....
#######...#
..........######
.......gh......#
##.....##.######
....... ..#
..........#
.####.....#
#.###.# #. ..# #
..#


You could see Jorgrun.

Vanquished Creatures
  3 two-headed ogres
  Pikel (D:9)
  A deep elf pyromancer (D:12)
  An ugly thing (D:10)
  Maurice (D:8)
  2 gargoyles
  4 kobold demonologists
  A troll (D:10)
  A hornet (D:9)
  A shadow (D:12)
  2 wyverns
  12 yaks
  A vampire (D:11)
  A steam dragon (D:8)
  Menkaure (D:7)
  3 acid dragons
  A water moccasin (D:7)
  3 orc warriors
  5 black bears
  A sky beast (D:6)
  3 ice beasts
  An ogre (D:6)
  A centaur (D:10)
  A phantom (D:5)
  5 kobold brigands
  3 bullfrogs
  A scorpion (D:6)
  4 wights (D:9)
  2 electric eels (D:10)
  9 howler monkeys
  A hound (D:6)
  7 jellies
  11 orc priests
  5 iguanas
  A sleepcap (D:4)
  Terence (D:2)
  15 orc wizards
  A gnoll (D:1)
  4 adders
  2 white imps
  2 worms
  4 dart slugs
  46 orcs
  4 bats
  6 endoplasms
  5 giant cockroaches
  6 goblins
  5 hobgoblins
  10 jackals (D:2)
  24 kobolds
  2 quokkas (D:3)
  6 ball pythons
  8 frilled lizards
  6 rats
258 creatures vanquished.

Notes
Turn   | Place    | Note
-------+----------+-------------------------------------------
     0 | D:1      | gruber the Troll Shapeshifter began the quest for the Orb.
     0 | D:1      | Reached XP level 1. HP: 18/18 MP: 0/0
   258 | D:1      | Reached XP level 2. HP: 26/26 MP: 1/1
   318 | D:1      | You fall into a shaft and drop 1 floor!
   340 | D:2      | Reached XP level 3. HP: 31/32 MP: 2/2
   458 | D:2      | Identified the +2 short sword of Fubijouf {heavy, rC+
                  | Int+4}
   630 | D:2      | Reached XP level 4. HP: 40/40 MP: 3/3
   701 | D:2      | Reached skill level 5 in Unarmed Combat
   749 | D:2      | Noticed Terence
   756 | D:2      | Killed Terence
  1315 | D:3      | Reached XP level 5. HP: 46/46 MP: 4/4
  1357 | D:3      | Found an opulent altar of Gozag.
  1359 | D:3      | Found a glowing silver altar of Zin.
  1360 | D:3      | Found a sparkling altar of Nemelex Xobeh.
  1381 | D:3      | Found a glowing golden altar of the Shining One.
  1388 | D:3      | Found a shimmering blue altar of Sif Muna.
  1696 | D:4      | Reached XP level 6. HP: 35/54 MP: 5/5
  2346 | D:5      | Entered Level 5 of the Dungeon
  2437 | D:5      | Reached XP level 7. HP: 61/61 MP: 6/6
  2558 | D:5      | Identified the +5 halberd of Annihilation {freeze, rC-
                  | Int+4}
  3131 | D:6      | Reached XP level 8. HP: 63/68 MP: 7/7
  3228 | D:6      | Reached skill level 10 in Unarmed Combat
  3228 | D:6      | Reached skill level 1 in Fighting
  3511 | D:7      | Found a staircase to the Ecumenical Temple.
  3529 | Temple   | Entered the Ecumenical Temple
  3558 | Temple   | Became a worshipper of Uskayaw the Reveller
  3601 | D:7      | Reached * piety under Uskayaw
  3679 | D:8      | Noticed Maurice
  3688 | D:8      | Killed Maurice
  3688 | D:8      | Reached ** piety under Uskayaw
  3689 | D:8      | Reached skill level 5 in Fighting
  3728 | D:8      | Reached *** piety under Uskayaw
  3735 | D:8      | Reached **** piety under Uskayaw
  3736 | D:8      | Reached ***** piety under Uskayaw
  3739 | D:8      | Reached XP level 9. HP: 75/88 MP: 8/8
  4049 | D:7      | Reached skill level 5 in Dodging
  4049 | D:7      | Reached skill level 1 in Invocations
  4204 | D:7      | Noticed Menkaure
  4208 | D:7      | Killed Menkaure
  4926 | D:8      | Reached skill level 5 in Invocations
  5440 | D:8      | Found a runed translucent door.
  5440 | D:8      | Found a shimmering altar of Xom.
  5440 | D:8      | Noticed a +1 falchion of chaos
  5440 | D:8      | Noticed initializr's ghost (novice DrWr)
  5524 | D:9      | Paralysed by a hornet for 3 turns
  5536 | D:9      | Reached XP level 10. HP: 29/96 MP: 13/13
  5720 | D:9      | Noticed Pikel
  5728 | D:9      | Killed Pikel
  5808 | D:9      | Reached skill level 5 in Shapeshifting
  5876 | D:9      | Found a snail-covered altar of Cheibriados.
  5984 | D:9      | Noticed a two-headed ogre
  5989 | D:9      | Killed a two-headed ogre
  6689 | D:9      | Learned a level 5 spell: Borgnjor's Vile Clutch
  6724 | D:10     | Entered Level 10 of the Dungeon
  6765 | D:10     | Noticed an orange demon
  6796 | D:10     | Reached XP level 11. HP: 65/102 MP: 15/15
  6870 | D:10     | Found a staircase to the Lair.
  7935 | D:11     | Noticed Psyche
  7952 | D:11     | Noticed a red ugly thing
  7965 | D:10     | Killed a red ugly thing
  8051 | D:11     | HP: 1/102 [something (9)]
  8678 | D:12     | Noticed a two-headed ogre
  8687 | D:12     | Killed a two-headed ogre
  8687 | D:12     | Noticed a deep elf pyromancer
  8693 | D:12     | Killed a deep elf pyromancer
  8766 | D:12     | Found a staircase to the Orcish Mines.
  8785 | D:12     | Noticed a two-headed ogre
  8794 | D:12     | Killed a two-headed ogre
  8795 | D:12     | Reached skill level 10 in Shapeshifting
  8958 | D:12     | Noticed Jorgrun
  8979 | D:12     | HP: 4/102 [Jorgrun/entropic shot (17)]
  8979 | D:12     | Constricted to death by Jorgrun

Illustrated notes

Levels and vault maps discovered:
D:1:      saegor_arrival_under_anarchy, layout_basic, minmay_misc_feat_five,
          nicolae_titane
D:2:      layout_basic, uniq_terence
D:3:      layout_loops_ring, minmay_overflow_temple_star_hex
D:4:      layout_basic, chequers_serial_rivers_small_b
D:5:      layout_basic, nrook_mini_backslash
D:6:      layout_basic
D:7:      layout_layer_cave, minmay_temple_entry_butterflies, item_on_display_b,
          uniq_menkaure
D:8:      nicolae_cairo_tiling_very_big, layout_loops_ring, ebering_ghost_xom,
          minmay_splitting_lines, uniq_maurice
D:9:      layout_basic, old_standard_altar, uniq_pikel
D:10:     layout_layer_cave, grunt_lair_entry_orc_guard_hut,
          kennysheep_cross_room
D:11:     layout_roguey, minmay_tree_intersection, uniq_psyche
D:12:     layout_stronghold, minmay_orc_entry_temple_large, uniq_jorgrun
Temple:   nicolae_temple_elliptical

Skill      XL: |  1  2  3  4  5  6  7  8  9 10 11 |
---------------+----------------------------------+-----
Unarmed Combat | 4 5 6 8 9 10 | 10.0
Fighting       | 5 |  5.0
Dodging        | 3 5 |  5.0
Invocations    | 6 7 |  7.3
Shapeshifting  | 7 10 | 10.1

Action                     |  1- 3 |  4- 6 |  7- 9 | 10-12 || total
---------------------------+-------+-------+-------+-------++-------
  Melee: Unarmed           |    70 |   137 |   179 |   232 ||   618
         Punch             |     1 |     3 |    10 |    16 ||    30
  Throw: Dart              |       |       |     3 |    12 ||    15
 Invoke: Stomp             |       |       |       |     2 ||     2
  Evoke: Wand              |       |       |     6 |       ||     6
    Use: Potion            |       |       |       |     1 ||     1
   Stab: Paralysed         |       |       |    11 |    19 ||    30
 Armour: Animal skin       |    19 |    32 |    20 |       ||    71
         Acid dragon scale |       |       |     6 |    54 ||    60
  Dodge: Dodged            |    29 |    57 |    95 |   122 ||   303

Table legend: (Time is in decaauts)
 A = Elapsed time spent in this place.
 B = Non-inter-level travel time spent in this place.
 C = Inter-level travel time spent in this place.
 D = Time resting spent in this place.
 E = Time spent auto-exploring this place.
 F = Levels seen in this place.
 G = Mean time per level.
                   A        B        C        D        E       F      G
               +--------+--------+--------+--------+--------+-----+--------+
         Total |   8888 |   8338 |    550 |    170 |   6858 |  13 |  683.7 |
       Dungeon |   8829 |   8337 |    492 |    170 |   6858 |  12 |  735.8 |
        Temple |     58 |      1 |     57 |      0 |      0 |   1 |   58.0 |
               +--------+--------+--------+--------+--------+-----+--------+

Top non-repeatable levels by time:
    D:10: 1291 daAuts
     D:9: 1222 daAuts
     D:7: 988 daAuts
     D:8: 916 daAuts
     D:4: 777 daAuts
     D:3: 717 daAuts
    D:11: 649 daAuts
     D:2: 622 daAuts
     D:5: 600 daAuts
     D:6: 432 daAuts
     D:1: 316 daAuts
    D:12: 294 daAuts
  Temple: 58 daAuts
